 Dungeon Crawl Stone Soup version 0.26-a0-649-gf8c6c3aab7 (webtiles) character file.

Game seed: 13841215985129446926

53 oldriver the Skirmisher (level 3, -9/24 HPs)
             Began as a Gargoyle Fighter on Sept 26, 2020.
             Mangled by an orc warrior
             ... wielding a +0 scimitar
              (12 damage)
             ... on level 2 of the Dungeon.
             The game lasted 00:01:08 (1177 turns).

oldriver the Skirmisher (Gargoyle Fighter)          Turns: 1177, Time: 00:01:09

Health: -9/24      AC: 12    Str: 19    XL:     3   Next: 87%
Magic:  3/3        EV:  5    Int:  8    God:
Gold:   74         SH:  9    Dex: 10    Spells: 2/2 levels left

rFire    . . .     SeeInvis .   a - +0 flail
rCold    . . .     Faith    .   c - +0 kite shield
rNeg     + . .     Spirit   .   f - +0 chain mail
rPois    ∞         Reflect  .   (no helmet)
rElec    +         Harm     .   (no cloak)
rCorr    .         Rampage  .   (no gloves)
MR       .....                  (no boots)
Stlth    ..........             (no amulet)
HPRegen  0.08/turn              (no ring)
MPRegen  0.08/turn              (no ring)

@: mighty, flying
A: negative energy resistance 1, electricity resistance, unbreathing,
petrification resistance, rot immunity, AC +3
a: no special abilities


You were on level 2 of the Dungeon.
You visited 1 branch of the dungeon, and saw 2 of its levels.

You collected 74 gold pieces.

Inventory:

Hand Weapons
 a - a +0 flail (weapon)
Armour
 c - a +0 kite shield (worn)
 f - a +0 chain mail (worn)
Scrolls
 b - 2 scrolls of immolation {unknown}
 e - 2 scrolls of teleportation {unknown}
 g - a scroll of identify {unknown}
Potions
 i - a potion of lignification {unknown}


   Skills:
 * Level 4.3 Fighting
 * Level 3.1 Maces & Flails
 - Level 3.2 Armour
 - Level 3.2 Shields


You had 2 spell levels left.
You didn't know any spells.
Your spell library was empty.

Dungeon Overview and Level Annotations

Branches:
Dungeon (2/15)

Altars:


Innate Abilities, Weirdness & Mutations

You are resistant to torment.
Your stone body is resilient. (AC +3)
You are immune to poison.
You resist negative energy. (rN+)
You are resistant to electric shocks. (rElec)
You can survive without breathing.
You are immune to petrification.
You are immune to rotting.


Message History

The orc wizard blinks!
There is a stone staircase leading up here.
You feel very mighty all of a sudden.
The orc warrior hits you with a +0 scimitar.
You hit the orc warrior.
The orc warrior is lightly wounded.
The orc warrior hits you but does no damage.
You sock the orc warrior!
The orc warrior is severely wounded.
The orc warrior barely misses you.
Your shield and chain mail prevent you from hitting the orc warrior.
The orc warrior is severely wounded.
You block the orc warrior's attack.
You barely miss the orc warrior.
The orc warrior is severely wounded.
The orc warrior hits you with a +0 scimitar!
* * * LOW HITPOINT WARNING * * *
The orc warrior hits you with a +0 scimitar!
Ouch! That really hurt!
You die...

#...........# #.#...#.###.#
#.#...#.###.# #.#.††..>##.#
#.#...#..##.# #.#...#..##.#
###.......ro..#
###.....†..#o####
#..#.#####)#@# #.#.##
##.#.###### #.###
#.........# ####.####
#.##.##.#.### #.......#
##.##.##.#...# #.##.##)#
#.....##.###.###
#....<..###..#####.......#
##....##.#..........###.#.#
.......#.#.....####.###.#.#


You could see an orc warrior, an orc wizard and a rat.

Vanquished Creatures
  2 adders (D:2)
  3 dart slugs
  2 leopard geckos
  A giant cockroach (D:1)
  3 hobgoblins
  3 kobolds
  A ball python (D:1)
  4 bats
  2 frilled lizards (D:2)
  4 goblins
  5 rats (D:1)
30 creatures vanquished.

Notes
Turn   | Place    | Note
-------+----------+-------------------------------------------
     0 | D:1      | oldriver the Gargoyle Fighter began the quest for the Orb.
     0 | D:1      | Reached XP level 1. HP: 14/14 MP: 1/1
   134 | D:1      | Reached XP level 2. HP: 17/19 MP: 2/2
   893 | D:2      | Reached XP level 3. HP: 24/24 MP: 3/3
   946 | D:2      | Reached skill level 4 in Fighting
  1137 | D:2      | Noticed an orc warrior
  1177 | D:2      | Mangled by an orc warrior

Illustrated notes

Levels and vault maps discovered:
D:1:      minmay_arrival_four_houses, layout_basic
D:2:      layout_loops_cross, nicolae_ru_sacrificial_ziggurat

Skill      XL: |  1  2  3 |
---------------+----------+-----
Fighting       | 4 |  4.3
Maces & Flails | 3 |  3.1
Armour         | |  3.2
Shields        | |  3.2

Action                   || total
-------------------------++-------
Melee: Flail             ||   110
  Use: Potion            ||     4
Armor: Scale mail        ||    25
       Chain mail        ||    51
Dodge: Dodged            ||    34
Block: Kite shield       ||    68

Table legend: (Time is in decaauts)
 A = Elapsed time spent in this place.
 B = Non-inter-level travel time spent in this place.
 C = Inter-level travel time spent in this place.
 D = Time resting spent in this place.
 E = Time spent auto-exploring this place.
 F = Levels seen in this place.
 G = Mean time per level.
                   A        B        C        D        E       F      G
               +--------+--------+--------+--------+--------+-----+--------+
         Total |   1217 |   1147 |     70 |      0 |    861 |   2 |  608.5 |
       Dungeon |   1217 |   1147 |     70 |      0 |    861 |   2 |  608.5 |
               +--------+--------+--------+--------+--------+-----+--------+

Top non-repeatable levels by time:
     D:1: 899 daAuts
     D:2: 318 daAuts
